 Dungeon Sprint DCSS version 0.30-a0-149-g7f746667c4 (webtiles) character file.

Game seed: 17625358648986566287

47 rocky1 the Slasher (level 3, -2/30 HPs)
             Began as a Merfolk Gladiator on Sept 27, 2022.
             Was an Initiate of Gozag.
             Slain by a sky beast (5 damage)
             ... in the Dungeon (Sprint VII: "The Pits").
             The game lasted 00:01:24 (854 turns).

rocky1 the Slasher (Merfolk Gladiator)               Turns: 854, Time: 00:01:25

Health: -2/30      AC:  4    Str: 14    XL:     3   Next: 70%
Magic:  3/3        EV: 14    Int:  7    God:    Gozag
Gold:   630        SH:  0    Dex: 17    Spells: 2/2 levels left

rFire   . . .      SeeInvis .    o - +1 long sword (flame)
rCold   . . .      Faith    .    (no shield)
rNeg    . . .      Spirit   .    b - +0 leather armour
rPois   .          Reflect  .    c - +0 helmet
rElec   .          Harm     .    (no cloak)
rCorr   .          Rampage  .    (no gloves)
Will    .....      NoTele   +    (no boots)
Stlth   ++........               (no amulet)
HPRegen 0.10/turn                (no ring)
MPRegen 0.08/turn                (no ring)

@: no status effects
A: (nimble swimmer 2), mertail
a: Renounce Religion, Potion Petition, Call Merchant, Bribe Branch


You were in the Dungeon.
You worshipped Gozag.
Gozag was pleased with you.
You visited 1 branch You collected 630 gold pieces.

Inventory:

Hand Weapons
 a - a +0 long sword
 o - a +1 long sword of flaming (weapon)
Missiles
 d - 2 throwing nets (quivered)
 e - a javelin
Armour
 b - a +0 leather armour (worn)
 c - a +0 helmet (worn)
 p - a +3 ring mail
Scrolls
 k - a scroll of blinking
 m - 5 scrolls of amnesia
 n - a scroll of summoning
Potions
 f - 6 potions of curing
 g - 6 potions of heal wounds
 h - a potion of haste
 i - 4 potions of magic
 j - 2 potions of berserk rage
 l - 2 potions of invisibility


   Skills:
 + Level 3.7 Fighting
 * Level 6.1 Long Blades
 - Level 2.0 Throwing
 + Level 1.7 Armour
 + Level 5.4 Dodging
 + Level 3.1 Stealth


You had 2 spell levels left.
You didn't know any spells.
Your spell library was empty.

Dungeon Overview and Level Annotations

Branches:
Dungeon (1/1)

Altars:
Ashenzari
Cheibriados
Dithmenos
Elyvilon
Fedhas
Gozag
Hepliaklqana
Kikubaaqudgha
Makhleb
Nemelex Xobeh
Okawaru
Qazlal
Ru
Sif Muna
Trog
Uskayaw
Vehumet
Wu Jian
Xom
Yredelemnul
Zin
The Shining One
Jiyva
Lugonu


Innate Abilities, Weirdness & Mutations

((You are very nimble when in or above water. (Stealth+, EV+, Speed+++)))
Your lower body shifts to a powerful aquatic tail in water.


Message History

You closely miss the hobgoblin. The hobgoblin hits you.
You hit the hobgoblin but do no damage. The hobgoblin barely misses you.
You slash the hobgoblin! You burn the hobgoblin.
You kill the hobgoblin!
You now have 630 gold pieces (gained 144).
You see here a +0 club.
You start resting.
HP restored.
You start waiting.
A sky beast comes into view.
You see here a +0 club.
You hit the sky beast. You burn the sky beast.
The sky beast is moderately wounded.
The sky beast hits you but does no damage.
You closely miss the sky beast.
The sky beast is moderately wounded.
The sky beast barely misses you.
You closely miss the sky beast.
The sky beast is moderately wounded.
The sky beast misses you.
You barely miss the sky beast.
The sky beast is moderately wounded.
The sky beast flickers out of sight!
Deactivating autopickup; reactivate with Ctrl-A.
Something hits you but does no damage. Something completely misses you.
You barely miss something. Something hits you but does no damage.
You miss something. Something hits you. Something shocks you.
You miss something. Something hits you. Something shocks you.
You hit something but do no damage. Something barely misses you.
You barely miss something. Something hits you but does no damage.
You closely miss something. Something hits you but does no damage.
You closely miss something. Something closely misses you.
You hit something. You burn something. Something hits you.
Something shocks you.
* * * LOW HITPOINT WARNING * * *
You slash something! You burn something. Something hits you.
* * * LOW HITPOINT WARNING * * *
Something shocks you.
You die...
Your body crumbles into a pile of gold.

##########'##.....
#.?(.')))'.##.....
##########.##.....
#..........)'.....
#'#####'#####.....
#.#..#..#.[##.....
#)#..'..#.)#####'#
#.#..####))##.....
#@#..#..#))##.....
#{#..#..#..##.....
#.##)#..#'###...<.
#.#..).....##.....
#.#........##.....
#'###########.....
#......W# ######
#.###...# #.# .#


There were no monsters in sight!

Vanquished Creatures
  2 gnolls (D)
  2 river rats (D)
  A giant cockroach (D)
  A goblin (D)
  2 hobgoblins (D)
  A ball python zombie (D)
  A frilled lizard (D)
  2 kobolds (D)
12 creatures vanquished.

Notes
Turn   | Place    | Note
-------+----------+-------------------------------------------
     0 | D        | rocky1 the Merfolk Gladiator began the quest for the Orb.
     0 | D        | Reached XP level 1. HP: 16/16 MP: 1/1
    38 | D        | Found a bloodstained altar of Trog.
    38 | D        | Found a shimmering blue altar of Sif Muna.
    38 | D        | Found a viscous altar of Jiyva.
    38 | D        | Found a hazy altar of Hepliaklqana.
    38 | D        | Found an opulent altar of Gozag.
    39 | D        | Found a glowing golden altar of the Shining One.
    39 | D        | Found a glowing silver altar of Zin.
    39 | D        | Found a basalt altar of Yredelemnul.
    39 | D        | Found a shimmering altar of Xom.
    39 | D        | Found an ornate altar of the Wu Jian Council.
    39 | D        | Found a sacrificial altar of Ru.
    39 | D        | Found a stormy altar of Qazlal.
    39 | D        | Found an iron altar of Okawaru.
    39 | D        | Found a sparkling altar of Nemelex Xobeh.
    39 | D        | Found a burning altar of Makhleb.
    39 | D        | Found a blossoming altar of Fedhas.
    39 | D        | Found a white marble altar of Elyvilon.
    39 | D        | Found a shadowy altar of Dithmenos.
    39 | D        | Found a snail-covered altar of Cheibriados.
    42 | D        | Found a corrupted altar of Lugonu.
    42 | D        | Found a radiant altar of Vehumet.
    43 | D        | Found an ancient bone altar of Kikubaaqudgha.
    43 | D        | Found a hide-covered altar of Uskayaw.
    43 | D        | Found a broken altar of Ashenzari.
    46 | D        | Became a worshipper of Gozag Ym Sagoz the Greedy
    59 | D        | Reached skill level 4 in Long Blades
    64 | D        | Reached skill level 1 in Stealth
   337 | D        | Reached skill level 1 in Armour
   337 | D        | Reached XP level 2. HP: 19/24 MP: 2/2
   342 | D        | Reached skill level 5 in Long Blades
   342 | D        | Reached skill level 5 in Dodging
   591 | D        | Reached XP level 3. HP: 27/29 MP: 3/3
   723 | D        | Noticed a phantom
   741 | D        | Reached skill level 6 in Long Blades
   838 | D        | Noticed a sky beast
   854 | D        | Slain by a sky beast

Illustrated notes

Levels and vault maps discovered:
D:        pitsprint [storerooms_1, entrance_room_1, metal_vault_4, armoury_2,
          mini_pit_1, grid_room_1, main_hall_1, silver_pit, the_coven_3,
          the_vestibule_1, steel_vault_2, golden_pit, hallway_of_sentries,
          crystal_vault_4, iron_vault_3, final_vault]

Skill      XL: |  1  2  3 |
---------------+----------+-----
Long Blades    | 4 5 6 |  6.1
Stealth        | 1 2 3 |  3.1
Fighting       | 3 |  3.7
Armour         | 1 |  1.7
Dodging        | 5 |  5.4
Throwing       | |  2.0

Action                   || total
-------------------------++-------
Melee: Long sword        ||    52
Throw: Throwing net      ||     2
  Use: Potion            ||     1
Armor: Leather armour    ||    11
Dodge: Dodged            ||    27

Table legend: (Time is in decaauts)
 A = Elapsed time spent in this place.
 B = Non-inter-level travel time spent in this place.
 C = Inter-level travel time spent in this place.
 D = Time resting spent in this place.
 E = Time spent auto-exploring this place.
 F = Levels seen in this place.
 G = Mean time per level.
                   A        B        C        D        E       F      G
               +--------+--------+--------+--------+--------+-----+--------+
         Total |    868 |    846 |     22 |    634 |      0 |   1 |  868.0 |
       Dungeon |    868 |    846 |     22 |    634 |      0 |   1 |  868.0 |
               +--------+--------+--------+--------+--------+-----+--------+

Top non-repeatable levels by time:
       D: 868 daAuts
